 Dungeon Crawl Stone Soup version 0.28-a0-723-g095bd1b44f (webtiles) character file.

Game seed: 7853392959135350815

177 BlueGoblin the Ducker (level 5, 0/50 HPs)
             Began as a Troll Monk on Oct 26, 2021.
             Killed by nerve-wracking pain
             ... invoked by Grinder
              (7 damage)
             ... on level 4 of the Dungeon.
             The game lasted 00:05:49 (2171 turns).

BlueGoblin the Ducker (Troll Monk)                  Turns: 2171, Time: 00:05:49

Health: 0/50       AC:  5    Str: 19    XL:     5   Next: 31%
Magic:  4/4        EV: 11    Int:  6    God:
Gold:   127        SH:  0    Dex: 13    Spells: 4/4 levels left

rFire   . . .      SeeInvis .     - Unarmed
rCold   . . .      Faith    .   (no shield)
rNeg    . . .      Spirit   .   a - +1 robe
rPois   .          Reflect  .   (helmet restricted)
rElec   .          Harm     .   (no cloak)
rCorr   .          Rampage  .   (gloves unavailable)
Will    .....                   (boots unavailable)
Stlth   ++........              (no amulet)
HPRegen 1.16/turn               (no ring)
MPRegen 0.09/turn               (no ring)

@: no status effects
A: large, unfitting armour, claws 3, regeneration 1, shaggy fur 1, tough skin 1
a: no special abilities


You were on level 4 of the Dungeon.
You visited 1 branch of the dungeon, and saw 4 of its levels.

You collected 127 gold pieces.

Inventory:

Armour
 a - a +1 robe (worn)
 h - a +0 kite shield
Scrolls
 d - a scroll of identify
 e - a scroll of summoning
Potions
 b - a potion of heal wounds {unknown}
 c - 3 potions of attraction
 f - a potion of mutation
 g - a potion of degeneration {unknown}


   Skills:
 + Level 2.7 Fighting
 + Level 4.3 Dodging
 - Level 1.0 Stealth
 + Level 4.0 Unarmed Combat


You had 4 spell levels left.
You didn't know any spells.
Your spell library contained the following spells:

 Spells                   Type           Power      Damage    Failure   Level
 Conjure Flame            Conj/Fire      0%         6-21      83%         3
 Ignite Poison            Fire/Tmut/Pois 0%         N/A       83%         3
 Sticky Flame             Conj/Fire      0%         2d3       99%         4


Dungeon Overview and Level Annotations

Branches:
Dungeon (4/15)
 Temple: D:4-7

Altars:
Makhleb

Annotations:
D:4 Grinder


Innate Abilities, Weirdness & Mutations

You are too large for most types of armour.
You have claws for hands.
Your natural rate of healing is unusually fast.
You are covered in fur. (AC +1)
You have tough skin. (AC +1)


Message History

The black bear closely misses you. Grinder gestures at you.
You suddenly lose the ability to move!
The black bear bites you. The black bear claws you.
The black bear completely misses you.
The black bear bites you but does no damage.
The black bear claws you but does no damage.
The black bear claws you.
A ball python comes into view.
The black bear bites you.
The black bear claws you but does no damage.
The black bear claws you. The black bear bites you. The black bear claws you.
The black bear claws you but does no damage.
The kobold hits you but does no damage. The black bear bites you.
The black bear claws you but does no damage. x2
Grinder says, "Just stop there for a second..."
Grinder hits you.
The kobold hits you with a +0 short sword.
The ball python hisses angrily.
The black bear bites you but does no damage.
The black bear claws you.
The black bear claws you but does no damage.
Grinder hits you!
* * * LOW HITPOINT WARNING * * *
You writhe in agony.
* * * LOW HITPOINT WARNING * * *
The kobold hits you with a +0 short sword.
* * * LOW HITPOINT WARNING * * *
You can move again.
Unknown command.
The kobold hits you but does no damage.
There is a stone staircase leading up here.
The black bear bites you.
* * * LOW HITPOINT WARNING * * *
The black bear closely misses you. The black bear barely misses you.
Grinder gestures at you. Pain shoots through your body!
You die...

#### ...#
########...#
#.....[#.>.#
#?.....#...#
.#....@.#...#
......S5h#...#
...<$..K.....#
...#.....#...#
.. #....##...#
. ...##.#
..$.. .#.. #..
....... ...#
### ...#### ..
..##


You could see Grinder, a black bear, a ball python and a kobold.

Vanquished Creatures
  Jessica (D:3)
  Terence (D:3)
  6 adders
  2 dart slugs
  5 orcs (D:3)
  6 ball pythons
  5 endoplasms
  2 giant cockroaches (D:2)
  3 hobgoblins
  4 jackals (D:3)
  4 quokkas
  5 bats
  2 frilled lizards
  6 goblins
  5 kobolds
  6 rats
63 creatures vanquished.

Notes
Turn   | Place    | Note
-------+----------+-------------------------------------------
     0 | D:1      | BlueGoblin the Troll Monk began the quest for the Orb.
     0 | D:1      | Reached XP level 1. HP: 22/22 MP: 0/0
   217 | D:1      | Reached XP level 2. HP: 29/29 MP: 1/1
   554 | D:1      | Found a faded altar of an unknown god.
   780 | D:2      | Reached XP level 3. HP: 34/36 MP: 2/2
  1388 | D:3      | Reached XP level 4. HP: 44/44 MP: 3/3
  1788 | D:3      | Found a burning altar of Makhleb.
  1950 | D:3      | Noticed Jessica
  1954 | D:3      | Killed Jessica
  1972 | D:3      | Reached XP level 5. HP: 50/50 MP: 4/4
  1972 | D:3      | Noticed Terence
  1993 | D:3      | Killed Terence
  2156 | D:4      | Noticed a black bear
  2157 | D:4      | Noticed Grinder
  2162 | D:4      | Paralysed by Grinder for 7 turns
  2171 | D:4      | Killed from afar by Grinder

Illustrated notes

Levels and vault maps discovered:
D:1:      matt_arrival_los_fun, layout_basic,
          dreamdust_ecumenical_altar_angels_and_demons
D:2:      layout_basic
D:3:      layout_loops_corners, bloody_makhleb, uniq_jessica, uniq_terence
D:4:      layout_rooms, mainiacjoe_overflow_catwalk_spiral,
          minmay_temple_entry_statues, uniq_grinder, uniq_blork_the_orc

Skill      XL: |  1  2  3  4  5 |
---------------+----------------+-----
Dodging        | 3 4 |  4.3
Unarmed Combat | 4 |  4.0
Fighting       | |  2.7
Stealth        | |  1.0

Action                   |  1- 3 |  4- 6 || total
-------------------------+-------+-------++-------
Melee: Unarmed           |   113 |    66 ||   179
       Punch             |     2 |     2 ||     4
  Use: Scroll            |     8 |       ||     8
 Stab: Sleeping          |     4 |     3 ||     7
Armor: Robe              |    36 |    26 ||    62
Dodge: Dodged            |    61 |    47 ||   108

Table legend: (Time is in decaauts)
 A = Elapsed time spent in this place.
 B = Non-inter-level travel time spent in this place.
 C = Inter-level travel time spent in this place.
 D = Time resting spent in this place.
 E = Time spent auto-exploring this place.
 F = Levels seen in this place.
 G = Mean time per level.
                   A        B        C        D        E       F      G
               +--------+--------+--------+--------+--------+-----+--------+
         Total |   2160 |   2086 |     74 |      0 |   1677 |   4 |  540.0 |
       Dungeon |   2160 |   2086 |     74 |      0 |   1677 |   4 |  540.0 |
               +--------+--------+--------+--------+--------+-----+--------+

Top non-repeatable levels by time:
     D:3: 871 daAuts
     D:1: 763 daAuts
     D:2: 511 daAuts
     D:4: 14 daAuts
